 Dungeon Crawl Stone Soup version 0.27-a0-972-gd1521fd518 (webtiles) character file.

Game seed: 1566981294884532470

39 leviel the Shield-Bearer (level 3, -2/33 HPs)
             Began as a Minotaur Fighter on Apr 13, 2021.
             Was a Believer of Makhleb.
             Killed from afar by Natasha (5 damage)
             ... with a magic dart
             ... on level 2 of the Dungeon.
             The game lasted 00:01:19 (851 turns).

leviel the Shield-Bearer (Minotaur Fighter)          Turns: 851, Time: 00:01:19

Health: -2/33      AC:  7    Str: 21    XL:     3   Next: 28%
Magic:  2/2        EV:  7    Int:  5    God:    Makhleb [**....]
Gold:   55         SH:  9    Dex:  9    Spells: 2/2 levels left

rFire    . . .     SeeInvis .   a - +0 war axe
rCold    . . .     Faith    .   c - +0 kite shield
rNeg     . . .     Spirit   .   b - +0 scale mail
rPois    .         Reflect  .   (helmet restricted)
rElec    .         Harm     .   (no cloak)
rCorr    .         Rampage  .   (no gloves)
Will     .....                  (no boots)
Stlth    ..........             (no amulet)
HPRegen  0.11/turn              (no ring)
MPRegen  0.08/turn              (no ring)

@: mighty
A: horns 2, retaliatory headbutt
a: Renounce Religion, Minor Destruction


You were on level 2 of the Dungeon.
You worshipped Makhleb.
Makhleb was pleased with you.
You visited 1 branch of the dungeon, and saw 2 of its levels.

You collected 55 gold pieces.

Inventory:

Hand Weapons
 a - a +0 war axe (weapon)
Armour
 b - a +0 scale mail (worn)
 c - a +0 kite shield (worn)
Scrolls
 e - a scroll of identify {unknown}


   Skills:
 + Level 4.0 Fighting
 + Level 2.9 Axes
 + Level 3.9 Armour
 + Level 4.1 Shields
 + Level 0.5 Invocations
 + Level 0.7 Evocations


You had 2 spell levels left.
You didn't know any spells.
Your spell library was empty.

Dungeon Overview and Level Annotations

Branches:
Dungeon (2/15)

Altars:
Ashenzari
Makhleb

Annotations:
D:2 Natasha


Innate Abilities, Weirdness & Mutations

You have a pair of horns on your head.
You reflexively headbutt those who attack you in melee.


Message History

Found a glowing mace.
You hit Natasha.
Natasha is lightly wounded.
Natasha claws you.
Natasha casts a spell.
You closely miss Natasha. You headbutt Natasha!
Natasha is severely wounded.
You hit the iron imp.
Natasha stares at you and mumbles some strange words.
The magic dart hits you! You block the iron imp's attack.
Natasha wildly gestures.
You feel troubled. Natasha claws you but does no damage.
You barely miss Natasha. Your headbutt misses Natasha.
Natasha is severely wounded.
You barely miss the iron imp. Natasha claws you. The iron imp hits you.
The crimson imp barely misses you.
Unknown command.
You closely miss Natasha. Your headbutt misses Natasha.
Natasha is severely wounded.
You closely miss the iron imp. You miss the crimson imp.
Natasha claws you but does no damage. You block the crimson imp's attack.
The iron imp completely misses you. Natasha closely misses you.
The crimson imp hits you but does no damage.
The iron imp hits you!
* * * LOW HITPOINT WARNING * * *
You feel very mighty all of a sudden. Natasha claws you but does no damage.
The crimson imp hits you.
* * * LOW HITPOINT WARNING * * *
You barely miss Natasha. Your headbutt misses Natasha.
Natasha is heavily wounded.
You slash the iron imp! You completely miss the crimson imp.
The iron imp hits you but does no damage.
Natasha claws you.
* * * LOW HITPOINT WARNING * * *
The crimson imp barely misses you. The iron imp hits you.
* * * LOW HITPOINT WARNING * * *
Natasha stares at you and mumbles some strange words.
The magic dart hits you.
You die...

##### # ...# #
########.##########
##..................
###...#####.#.........
###.............########
......5..######.### #
.#...h@.........^# #
......5...#####.#.# #
..........# #.#.# #
..........# #.#.#
....####### #.#.# )..#
#.#.# ..# #.... .# #..#.


You could see an iron imp (summoned), Natasha and a crimson imp (summoned).

Vanquished Creatures
  2 dart slugs (D:1)
  2 bats (D:1)
  2 endoplasms (D:2)
  A giant cockroach (D:1)
  3 hobgoblins (D:1)
  6 jackals (D:1)
  2 quokkas (D:1)
  4 ball pythons (D:1)
  3 goblins (D:1)
  3 kobolds (D:1)
  4 rats (D:1)
32 creatures vanquished.

Notes
Turn   | Place    | Note
-------+----------+-------------------------------------------
     0 | D:1      | leviel the Minotaur Fighter began the quest for the Orb.
     0 | D:1      | Reached XP level 1. HP: 19/19 MP: 0/0
   130 | D:1      | Reached XP level 2. HP: 27/27 MP: 1/1
   133 | D:1      | Found a faded altar of an unknown god.
   158 | D:1      | Became a worshipper of Makhleb the Destroyer
   158 | D:1      | Reached * piety under Makhleb
   543 | D:1      | Reached XP level 3. HP: 33/33 MP: 2/2
   756 | D:1      | Reached ** piety under Makhleb
   841 | D:2      | Found a broken altar of Ashenzari.
   842 | D:2      | Noticed Natasha
   851 | D:2      | Killed from afar by Natasha

Illustrated notes

Levels and vault maps discovered:
D:1:      mrwooster_arrival_arrow, layout_loops_cross, basic_ecumenical_altar
D:2:      layout_loops_ring, basic_altar, minmay_pentomino_u2,
          uniq_crazy_yiuf_cottage, uniq_natasha, uniq_jessica

Skill      XL: |  1  2 |
---------------+-------+-----
Shields        | 4 |  4.1
Fighting       | 4 |  4.0
Axes           | |  2.9
Armour         | |  3.9
Invocations    | |  0.5
Evocations     | |  0.7

Action                   || total
-------------------------++-------
Melee: War axe           ||    74
       Headbutt          ||    12
  Use: Potion            ||     1
Armor: Scale mail        ||    42
Dodge: Dodged            ||    32
Block: Kite shield       ||    41

Table legend: (Time is in decaauts)
 A = Elapsed time spent in this place.
 B = Non-inter-level travel time spent in this place.
 C = Inter-level travel time spent in this place.
 D = Time resting spent in this place.
 E = Time spent auto-exploring this place.
 F = Levels seen in this place.
 G = Mean time per level.
                   A        B        C        D        E       F      G
               +--------+--------+--------+--------+--------+-----+--------+
         Total |    893 |    872 |     21 |      0 |    684 |   2 |  446.5 |
       Dungeon |    893 |    872 |     21 |      0 |    684 |   2 |  446.5 |
               +--------+--------+--------+--------+--------+-----+--------+

Top non-repeatable levels by time:
     D:1: 835 daAuts
     D:2: 57 daAuts
